SL
ROCKY MOUNTAIN NUGGETS @ ATHLETIC CLUB KC
07/29/2021
 
TOP OF THE 1ST
Rocky Mountain Nuggets batting - Pitching for Athletic Club KC : RHP Torvald Geertsen
Pitching: RHP Torvald Geertsen
Batting: LHB Chris Whiteside 0-0: Called Strike
0-1: Ball
1-1: Foul Ball, location: 2F
1-2: Ball
2-2: Ball
3-2: Strikes out swinging
Batting: LHB Randy Bowen 0-0: Called Strike
0-1: Ball
1-1: Swinging Strike
1-2: Strikes out swinging
Batting: RHB Michael Riley 0-0: Ball
1-0: Foul Ball, location: 2F
1-1: Called Strike
1-2: Ball
2-2: Strikes out swinging
Top of the 1st over - 0 run(s), 0 hit(s), 0 error(s), 0 left on base; Rocky Mountain 0 - Athletic Club KC 0
BOTTOM OF THE 1ST
Athletic Club KC batting - Pitching for Rocky Mountain Nuggets : RHP Félix Jiménez
Pitching: RHP Félix Jiménez
Batting: RHB Jorge Trevino 0-0: Called Strike
0-1: Swinging Strike
0-2: Ball
1-2: SINGLE (Groundball, 6MD)
Batting: SHB David Henderson 0-0: Ball
1-0: Fly out, F9 (Flyball, 9S)
Batting: LHB Emílio Sáenz 0-0: Fly out, F1 (Popup, 13)
Batting: RHB José Rodríguez 0-0: Called Strike
0-1: Ground out 5-3 (Groundball, 5)
Bottom of the 1st over - 0 run(s), 1 hit(s), 0 error(s), 1 left on base; Rocky Mountain 0 - Athletic Club KC 0
TOP OF THE 2ND
Rocky Mountain Nuggets batting - Pitching for Athletic Club KC : RHP Torvald Geertsen
Batting: RHB David Verhoeve 0-0: Called Strike
0-1: Swinging Strike
0-2: Strikes out looking
Batting: LHB Juan Ríos 0-0: Ball
1-0: Called Strike
1-1: Ground out 4-3 (Groundball, 34)
Batting: SHB Jim Morris 0-0: Called Strike
0-1: Ball
1-1: Called Strike
1-2: Ball
2-2: Ball
3-2: Ground out 6-3 (Groundball, 6M)
Top of the 2nd over - 0 run(s), 0 hit(s), 0 error(s), 0 left on base; Rocky Mountain 0 - Athletic Club KC 0
BOTTOM OF THE 2ND
Athletic Club KC batting - Pitching for Rocky Mountain Nuggets : RHP Félix Jiménez
Batting: RHB Ed Hopkins 0-0: Ball
1-0: Foul Ball, location: 2F
1-1: Foul Ball, location: 2F
1-2: Foul Ball, location: 2F
1-2: Ball
2-2: Ball
3-2: Hit by Pitch
Batting: LHB Bob Davis 0-0: Ball
1-0: Ball
2-0: Ball
3-0: Base on Balls
Ed Hopkins to second
Batting: RHB Ramón Souza 0-0: Ball
1-0: Ball
2-0: Swinging Strike
2-1: Foul Ball, location: 2F
2-2: Strikes out swinging
Batting: LHB Thatcher Douglas 0-0: Ground out 4-3 (Groundball, 4M)
Ed Hopkins to third
Bob Davis to second
Batting: LHB Lawrence Washington 0-0: Ball
1-0: Foul Ball, location: 2F
1-1: Ball
2-1: Ball
3-1: SINGLE (Line Drive, 7S)
Ed Hopkins scores
Bob Davis to third
Runner from 3rd tries for Home, SAFE, no throw or cutoff
Batting: RHB Jorge Trevino 0-0: Called Strike
0-1: Ball
1-1: Swinging Strike
1-2: Foul Ball, location: 2F
1-2: Ball
2-2: Foul Ball, location: 2F
2-2: Foul Ball, location: 2F
2-2: Ground out 6-3 (Groundball, 6)
Bottom of the 2nd over - 2 run(s), 1 hit(s), 0 error(s), 1 left on base; Rocky Mountain 0 - Athletic Club KC 2
TOP OF THE 3RD
Rocky Mountain Nuggets batting - Pitching for Athletic Club KC : RHP Torvald Geertsen
Batting: RHB Juan Ávila 0-0: Called Strike
0-1: Ball
1-1: Fly out, F4 (Popup, 34D)
Batting: LHB Egidio Agnolutto 0-0: Ball
1-0: Called Strike
1-1: Swinging Strike
1-2: Fly out, F8 (Flyball, 8LXD)
Batting: SHB Jorge Colomo 0-0: Foul Ball, location: 2F
0-1: Called Strike
0-2: Fly out, F8 (Flyball, 8LM)
Top of the 3rd over - 0 run(s), 0 hit(s), 0 error(s), 0 left on base; Rocky Mountain 0 - Athletic Club KC 2
BOTTOM OF THE 3RD
Athletic Club KC batting - Pitching for Rocky Mountain Nuggets : RHP Félix Jiménez
Batting: SHB David Henderson 0-0: Called Strike
0-1: Foul Ball, location: 2F
0-2: Ball
1-2: Foul Ball, location: 2F
1-2: Strikes out swinging
Batting: LHB Emílio Sáenz 0-0: Ball
1-0: Ball
2-0: Called Strike
2-1: Called Strike
2-2: Ball
3-2: Base on Balls
Batting: RHB José Rodríguez 0-0: Ball
1-0: Grounds into double play, 1-6-3 (Groundball, 13S)
Bottom of the 3rd over - 0 run(s), 0 hit(s), 0 error(s), 0 left on base; Rocky Mountain 0 - Athletic Club KC 2
TOP OF THE 4TH
Rocky Mountain Nuggets batting - Pitching for Athletic Club KC : RHP Torvald Geertsen
Batting: LHB Chris Whiteside 0-0: Called Strike
0-1: Foul Ball, location: 2F
0-2: Ball
1-2: Ball
2-2: Foul Ball, location: 2F
2-2: Foul Ball, location: 2F
2-2: Foul Ball, location: 2F
2-2: SINGLE (Line Drive, 4M)
Batting: LHB Randy Bowen 0-0: Called Strike
Chris Whiteside is caught stealing 2nd base
0-1: Foul Ball, location: 2F
0-2: Ball
1-2: Strikes out looking
Batting: RHB Michael Riley 0-0: Ball
1-0: Called Strike
1-1: Foul Ball, location: 2F
1-2: Foul Ball, location: 2F
1-2: SINGLE (Line Drive, 6MD)
Batting: RHB David Verhoeve 0-0: Ball
1-0: Swinging Strike
1-1: Ball
2-1: Foul Ball, location: 2F
2-2: Fielders Choice at 2nd, 6-4 (Groundball, 56)
Top of the 4th over - 0 run(s), 2 hit(s), 0 error(s), 0 left on base; Rocky Mountain 0 - Athletic Club KC 2
BOTTOM OF THE 4TH
Athletic Club KC batting - Pitching for Rocky Mountain Nuggets : RHP Félix Jiménez
Batting: RHB Ed Hopkins 0-0: Ball
1-0: Ball
2-0: Ball
3-0: Called Strike
3-1: Foul Ball, location: 2F
3-2: Hit by Pitch
Batting: LHB Bob Davis 0-0: Foul Ball, location: 2F
0-1: Foul Ball, location: 2F
0-2: Ball
1-2: Strikes out looking
Batting: RHB Ramón Souza 0-0: Called Strike
0-1: Ball
Passed Ball!
Ed Hopkins to second
1-1: Foul Ball, location: 2F
1-2: Ball
2-2: Ball
3-2: Foul Ball, location: 2F
3-2: SINGLE (Groundball, 6MD)
Ed Hopkins to third
Runner from 3rd tries for Home, SAFE, throw made home
Ramón Souza to second
Batting: LHB Thatcher Douglas 0-0: Called Strike
0-1: Ball
1-1: Ball
2-1: Ball
3-1: Base on Balls
Batting: LHB Lawrence Washington 0-0: Ball
1-0: Ball
2-0: Ball
3-0: SINGLE (Groundball, 13) (infield hit)
Ramón Souza to third
Thatcher Douglas to second
Batting: RHB Jorge Trevino 0-0: Ball
1-0: Ball
2-0: Called Strike
2-1: SINGLE (Line Drive, 89M)
Ramón Souza scores
Thatcher Douglas to third
Lawrence Washington to second
Batting: SHB David Henderson 0-0: Ball
1-0: DOUBLE (Line Drive, 9LM)
Thatcher Douglas scores
Lawrence Washington scores
Jorge Trevino to third
Pitching: RHP Steve King
Batting: LHB Emílio Sáenz 0-0: Called Strike
0-1: Ball
1-1: Ball
2-1: Fly out, F8 (Flyball, 89D)
Runner from 3rd tags up, SCORES, no throw
David Henderson to third
Batting: RHB José Rodríguez 0-0: Ball
1-0: Swinging Strike
1-1: Ground out 3-1 (Groundball, 34)
Bottom of the 4th over - 5 run(s), 4 hit(s), 0 error(s), 1 left on base; Rocky Mountain 0 - Athletic Club KC 7
TOP OF THE 5TH
Rocky Mountain Nuggets batting - Pitching for Athletic Club KC : RHP Torvald Geertsen
Now at 3B: Harry Fuller
Batting: LHB Juan Ríos 0-0: Ball
1-0: Called Strike
1-1: Swinging Strike
1-2: Foul Ball, location: 2F
1-2: Ball
2-2: Foul Ball, location: 2F
2-2: Ball
3-2: Strikes out looking
Batting: SHB Jim Morris 0-0: Ball
1-0: Ball
2-0: Ball
3-0: Called Strike
3-1: Called Strike
3-2: Base on Balls
Batting: RHB Juan Ávila 0-0: Ball
1-0: Foul Ball, location: 2F
1-1: Grounds into double play, 5-4-3 (Groundball, 5)
Top of the 5th over - 0 run(s), 0 hit(s), 0 error(s), 0 left on base; Rocky Mountain 0 - Athletic Club KC 7
BOTTOM OF THE 5TH
Athletic Club KC batting - Pitching for Rocky Mountain Nuggets : RHP Steve King
Batting: RHB Harry Fuller 0-0: Foul Ball, location: 2F
0-1: Ball
1-1: Foul Ball, location: 2F
1-2: Ball
2-2: Foul Ball, location: 2F
2-2: Ball
3-2: Strikes out swinging
Batting: LHB Bob Davis 0-0: Ball
1-0: Ball
2-0: SINGLE (Line Drive, 3D)
Batting: RHB Ramón Souza 0-0: SINGLE (Groundball, 6MD)
Bob Davis to second
Batting: LHB Thatcher Douglas 0-0: Ball
1-0: Swinging Strike
1-1: Swinging Strike
1-2: Strikes out looking
Batting: LHB Lawrence Washington 0-0: Ball
1-0: Foul Ball, location: 2F
1-1: Hit by Pitch
Bob Davis to third
Ramón Souza to second
Batting: RHB Jorge Trevino 0-0: Called Strike
0-1: Ball
1-1: Swinging Strike
1-2: Foul Ball, location: 2F
1-2: SINGLE (Groundball, 56D)
Bob Davis scores
Ramón Souza to third
Lawrence Washington to second
Runner from 3rd tries for Home, SAFE, throw made home
Lawrence Washington to third
Jorge Trevino to second
Batting: SHB David Henderson 0-0: Called Strike
0-1: Ground out 4-3 (Groundball, 4M)
Bottom of the 5th over - 2 run(s), 3 hit(s), 0 error(s), 2 left on base; Rocky Mountain 0 - Athletic Club KC 9
TOP OF THE 6TH
Rocky Mountain Nuggets batting - Pitching for Athletic Club KC : RHP Torvald Geertsen
Batting: LHB Egidio Agnolutto 0-0: Ball
1-0: Foul Ball, location: 2F
1-1: Bunt missed!
1-2: Foul Ball, location: 2F
1-2: Foul Ball, location: 2F
1-2: Strikes out looking
Batting: SHB Jorge Colomo 0-0: Ball
1-0: Ball
2-0: Foul Ball, location: 2F
2-1: Swinging Strike
2-2: Ball
3-2: Strikes out looking
Batting: LHB Chris Whiteside 0-0: Ball
1-0: Called Strike
1-1: Ball
2-1: Ball
3-1: Called Strike
3-2: Foul Ball, location: 2F
3-2: Ground out 1-3 (Groundball, 15S)
Top of the 6th over - 0 run(s), 0 hit(s), 0 error(s), 0 left on base; Rocky Mountain 0 - Athletic Club KC 9
BOTTOM OF THE 6TH
Athletic Club KC batting - Pitching for Rocky Mountain Nuggets : RHP Steve King
Batting: LHB Emílio Sáenz 0-0: Called Strike
0-1: Foul Ball, location: 2F
0-2: Ball
1-2: Fly out, F9 (Flyball, 9D)
Batting: RHB José Rodríguez 0-0: Ball
1-0: Ball
2-0: Called Strike
2-1: Ground out 6-3 (Groundball, 6)
Batting: RHB Harry Fuller 0-0: Ball
1-0: Called Strike
1-1: Foul Ball, location: 2F
1-2: Foul Ball, location: 2F
1-2: Foul Ball, location: 2F
1-2: Strikes out looking
Bottom of the 6th over - 0 run(s), 0 hit(s), 0 error(s), 0 left on base; Rocky Mountain 0 - Athletic Club KC 9
TOP OF THE 7TH
Rocky Mountain Nuggets batting - Pitching for Athletic Club KC : RHP Torvald Geertsen
Batting: LHB Randy Bowen 0-0: Ball
1-0: Foul Ball, location: 2F
1-1: Ball
2-1: Ball
3-1: Foul Ball, location: 2F
3-2: SINGLE (Line Drive, 4M)
Batting: RHB Michael Riley 0-0: Ball
1-0: Swinging Strike
1-1: 2-RUN HOME RUN (Flyball, 78XD), Distance : 424 ft
Batting: RHB David Verhoeve 0-0: Ball
1-0: Called Strike
1-1: Foul Ball, location: 2F
1-2: Ball
2-2: Ball
3-2: SINGLE (Flyball, 8LS)
Batting: LHB Juan Ríos 0-0: Swinging Strike
0-1: Foul Ball, location: 2F
0-2: Ball
1-2: Foul Ball, location: 2F
1-2: Foul Ball, location: 2F
1-2: Ball
2-2: Ball
David Verhoeve is caught stealing 2nd base
3-2: SINGLE (Line Drive, 6MD)
Pitching: RHP Byron Rogers
Batting: SHB Jim Morris 0-0: Ball
Juan Ríos steals 2nd base
1-0: Foul Ball, location: 2F
1-1: Called Strike
Juan Ríos is caught stealing 3rd base
1-2: Foul Ball, location: 2F
1-2: Ball
2-2: SINGLE (Groundball, 4MD) (infield hit)
Batting: RHB Juan Ávila 0-0: Ball
1-0: Ball
Jim Morris is caught stealing 2nd base
Top of the 7th over - 2 run(s), 5 hit(s), 0 error(s), 0 left on base; Rocky Mountain 2 - Athletic Club KC 9
BOTTOM OF THE 7TH
Athletic Club KC batting - Pitching for Rocky Mountain Nuggets : RHP Steve King
Batting: LHB Bob Davis 0-0: Ball
1-0: Swinging Strike
1-1: Ball
2-1: Ball
3-1: Base on Balls
Batting: RHB Ramón Souza 0-0: Called Strike
0-1: Called Strike
0-2: Foul Ball, location: 2F
0-2: Ball
1-2: Ball
2-2: Ball
3-2: Strikes out swinging
Pitching: RHP Ramón Tovar
Batting: LHB Thatcher Douglas 0-0: Fly out, F7 (Flyball, 7S)
Batting: LHB Lawrence Washington 0-0: Ball
1-0: Ball
2-0: Ball
3-0: Base on Balls
Bob Davis to second
Batting: RHB Jorge Trevino 0-0: Ball
1-0: Ball
2-0: Foul Ball, location: 2F
2-1: Fielders Choice at 2nd, 6-4 (Groundball, 6)
Bottom of the 7th over - 0 run(s), 0 hit(s), 0 error(s), 1 left on base; Rocky Mountain 2 - Athletic Club KC 9
TOP OF THE 8TH
Rocky Mountain Nuggets batting - Pitching for Athletic Club KC : RHP Byron Rogers
Batting: RHB Juan Ávila 0-0: Called Strike
0-1: Ball
1-1: Ball
2-1: Ball
3-1: SINGLE (Line Drive, 7S)
Batting: LHB Egidio Agnolutto 0-0: Swinging Strike
0-1: Ball
Wild Pitch!
Juan Ávila to second
1-1: Foul Ball, location: 2F
1-2: Foul Ball, location: 2F
1-2: Ball
2-2: Ground out 4-3 (Groundball, 4)
Juan Ávila to third
Batting: SHB Jorge Colomo 0-0: Called Strike
0-1: SINGLE (Line Drive, 6MD)
Juan Ávila scores
Batting: LHB Chris Whiteside 0-0: Ball
1-0: Called Strike
1-1: Ball
2-1: Foul Ball, location: 2F
2-2: Strikes out swinging
Batting: LHB Randy Bowen 0-0: Ball
1-0: Ball
2-0: Ball
3-0: Base on Balls
Jorge Colomo to second
Batting: RHB Michael Riley 0-0: Ball
1-0: Fly out, F9 (Flyball, 9M)
Top of the 8th over - 1 run(s), 2 hit(s), 0 error(s), 2 left on base; Rocky Mountain 3 - Athletic Club KC 9
BOTTOM OF THE 8TH
Athletic Club KC batting - Pitching for Rocky Mountain Nuggets : RHP Ramón Tovar
Batting: SHB David Henderson 0-0: Called Strike
0-1: Fly out, F7 (Flyball, 78D)
Batting: LHB Emílio Sáenz 0-0: Called Strike
0-1: Called Strike
0-2: SINGLE (Groundball, 3D)
Batting: RHB José Rodríguez 0-0: Ball
1-0: Swinging Strike
1-1: Foul Ball, location: 2F
1-2: Foul Ball, location: 2F
1-2: Ball
2-2: Grounds into double play, 6-4-3 (Groundball, 6)
Bottom of the 8th over - 0 run(s), 1 hit(s), 0 error(s), 0 left on base; Rocky Mountain 3 - Athletic Club KC 9
TOP OF THE 9TH
Rocky Mountain Nuggets batting - Pitching for Athletic Club KC : RHP Byron Rogers
Batting: RHB David Verhoeve 0-0: Called Strike
0-1: Swinging Strike
0-2: Ball
1-2: Strikes out swinging
Batting: LHB Juan Ríos 0-0: Called Strike
0-1: Ball
1-1: Foul Ball, location: 2F
1-2: Ball
2-2: Foul Ball, location: 2F
2-2: Ball
3-2: SINGLE (Line Drive, 9LS)
Batting: SHB Jim Morris 0-0: Fly out, F8 (Flyball, 8LM)
Batting: RHB Juan Ávila 0-0: Called Strike
0-1: Ball
1-1: Ball
2-1: Ball
3-1: Base on Balls
Juan Ríos to second
Batting: LHB Egidio Agnolutto 0-0: Called Strike
0-1: Ball
1-1: DOUBLE (Line Drive, 3D)
Juan Ríos scores
Juan Ávila to third
Batting: SHB Jorge Colomo 0-0: Ball
1-0: Called Strike
1-1: Ball
2-1: Ball
3-1: Base on Balls
Pitching: RHP Joong-geun Kim
Batting: LHB Chris Whiteside 0-0: Fly out, F7 (Flyball, 78XD)
Top of the 9th over - 1 run(s), 2 hit(s), 0 error(s), 3 left on base; Rocky Mountain 4 - Athletic Club KC 9
This league is powered by Out of the Park Baseball, the baseball management simulation game for PC, Mac and Linux
Friday, January 22nd, 2016 - OOTP Baseball 16.9 Build 39